 Dungeon Crawl Stone Soup version 0.29.1-1-gd02db6906a (webtiles) character file.

Game seed: 10472703249174858941

7 RascalDebosk the Insei (level 2, -1/22 HPs)
             Began as a Djinni Transmuter on Oct 13, 2022.
             Frozen to death by an endoplasm (3 damage)
             ... on level 1 of the Dungeon.
             The game lasted 00:03:48 (639 turns).

RascalDebosk the Insei (Djinni Transmuter)           Turns: 639, Time: 00:03:49

Health: -1/22      AC:  2    Str:  9    XL:     2   Next: 10%
Gold:   21         EV: 12    Int: 14    God:
                   SH:  0    Dex: 13

rFire   + + .      SeeInvis .   s - +0 dagger
rCold   x . .      Faith    .   (no shield)
rNeg    . . .      Spirit   .   a - +0 robe
rPois   ∞          Reflect  .   (helmet currently unavailable)
rElec   .          Harm     .   (no cloak)
rCorr   .          Rampage  .   (no gloves)
Will    .....                   (boots unavailable)
Stlth   +.........              (no amulet)
HPRegen 0.07/turn               (no ring)
MPRegen 0.00/turn               (no ring)

@: appendages (expiring), wereblooded, flying, very slightly contaminated
A: horns 2, flying, sickness immunity, fire resistance 2, cold vulnerability 1,
float, innate caster, HP casting, extra vitality 1
a: End Transformation


You were on level 1 of the Dungeon.
You had temporarily grown beastly horns.
You visited 1 branch of the dungeon, and saw 1 of its levels.

You collected 21 gold pieces.

Inventory:

Hand Weapons
 c - a +0 short sword
 s - a +0 dagger (weapon)
Armour
 a - a +0 robe (worn)
Potions
 b - a potion of lignification


   Skills:
 + Level 1.3 Fighting
 - Level 2.1 Dodging
 - Level 3.0 Unarmed Combat
 * Level 2.0 Spellcasting


You couldn't memorise any spells.
You knew the following spells:

 Your Spells              Type           Power      Damage    Failure   Level
a - Beastly Appendage     Tmut           14%        N/A       11%         1
b - Wereblood             Tmut           7%         N/A       16%         2
c - Spider Form           Tmut/Pois      7%         N/A       30%         3
d - Ice Form              Ice/Tmut       7%         N/A       71%         4
Your spell library was empty.

Dungeon Overview and Level Annotations

Branches:
Dungeon (1/15)

Altars:


Innate Abilities, Weirdness & Mutations

You have temporarily grown beastly horns.
You are flying.
You are immune to sickness and miasma.
You are immune to poison.
Your flesh is very heat resistant. (rF++)
You are vulnerable to cold. (rC-)
You float through the air rather than walking.
You learn spells naturally, not from books.
Your magical power is your life essence.
You have superior vitality. (+4 MHP)


Message History

* * * LOW HITPOINT WARNING * * *
The jackal bites you.
* * * LOW HITPOINT WARNING * * *
You closely miss the jackal.
The jackal is severely wounded.
The jackal closely misses you.
You closely miss the jackal.
The jackal is severely wounded.
The jackal bites you.
* * * LOW HITPOINT WARNING * * *
The jackal bites you.
* * * LOW HITPOINT WARNING * * *
The jackal barely misses you. The jackal bites you.
* * * LOW HITPOINT WARNING * * *
The jackal attacks as you move away! The jackal misses you.
The jackal attacks as you move away! The jackal misses you.
The jackal attacks as you move away! The jackal closely misses you.
The jackal attacks as you move away! The jackal bites you.
* * * LOW HITPOINT WARNING * * *
The jackal barely misses you.
There are monsters nearby!
There are monsters nearby!
You hit the jackal.
The jackal is moderately wounded.
The jackal bites you but does no damage.
The jackal barely misses you. The jackal misses you.
You hit the jackal.
The jackal is severely wounded.
The jackal completely misses you. The jackal closely misses you. x2
You hit the jackal.
You kill the jackal!
The jackal bites you but does no damage.
You hit the jackal.
You kill the jackal!
You have reached level 2!
You start resting.
HP restored.
You reach down and open the door.
There is an open door here.
As you open the door, it creaks loudly!
There is an open door here.
There is an open door here.
You reach down and open the door.
There is an open door here.
You see here a hobgoblin skeleton.
Found a faded altar of an unknown god.
A ball python and a frilled lizard come into view.
Found a scroll labelled QIUBUI DABLAAROI.
An endoplasm comes into view.
The endoplasm quivers.
An endoplasm comes into view.
Casting: Beastly Appendage (safe; 11% risk of failure)
Confirm with . or Enter, or press ? or * to list all spells.
You miscast Wereblood.
You are very lightly contaminated with residual magic.
Nothing appears to happen.
The endoplasm quivers.
Casting: Wereblood (safe; 16% risk of failure)
Confirm with . or Enter, or press ? or * to list all spells.
Your blood is infused with primal strength.
Casting: Beastly Appendage (safe; 11% risk of failure)
Press: ? - help, Q - select action, (/) - cycle Dir - look around, f - activate You miscast Beastly Appendage.
Nothing appears to happen.
The endoplasm closely misses you. The ball python closely misses you.
The ball python grabs you. The ball python constricts you.
Casting: Beastly Appendage (safe; 11% risk of failure)
Press: ? - help, Q - select action, (/) - cycle Dir - look around, f - activate You grow a pair of large bovine horns.
The endoplasm freezes you.
You are frozen.
The ball python bites you but does no damage.
The ball python constricts you.
You closely miss the ball python. Your headbutt misses the ball python.
The ball python bites you. The ball python constricts you.
The endoplasm freezes you.
You are frozen.
You feel a terrible chill!
* * * LOW HITPOINT WARNING * * *
The endoplasm freezes you.
You are frozen.
You feel a terrible chill!
* * * LOW HITPOINT WARNING * * *
You closely miss the ball python. You headbutt the ball python.
You feel a bit better.
You kill the ball python!
The frilled lizard hisses angrily.
The endoplasm misses you.
The endoplasm hits you but does no damage.
Your Spellcasting skill increases to level 2!
You hit the endoplasm. Your headbutt misses the endoplasm.
The endoplasm is moderately wounded.
The endoplasm closely misses you. The endoplasm freezes you.
You are frozen.
You feel a terrible chill!
* * * LOW HITPOINT WARNING * * *
You hit the endoplasm but do no damage.
The endoplasm is moderately wounded.
Your transformation is almost over.
The endoplasm freezes you.
You are frozen.
You feel a terrible chill!
You die...

#### #.#.##.# ...#
#.#.##.# ...# #.#.##.#
## . ##.# #.#..#.# .. ..
##.#####.#....###.# .##
......÷.........+.# ....
...#####.......##.#?....
##.# #.~~~.#.##J.l....
...# #..⌠..#..@.# ####
#..~~..#.##J# #
#......#.# .# #
#........# .. ####.#####
... ####


You could see 2 endoplasms and a frilled lizard.

Vanquished Creatures
  A hobgoblin (D:1)
  2 jackals (D:1)
  A kobold (D:1)
  A ball python (D:1)
  2 bats (D:1)
7 creatures vanquished.

Notes
Turn   | Place    | Note
-------+----------+-------------------------------------------
     0 | D:1      | RascalDebosk the Djinni Transmuter began the quest for the
                  | Orb.
     0 | D:1      | RascalDebosk set off with the following spells memorised:
                  | Beastly Appendage, Wereblood, Spider Form, Ice Form.
     0 | D:1      | Reached XP level 1. HP: 17/17 MP: 0/0
   252 | D:1      | Reached XP level 2. HP: 2/22 MP: 0/0
   620 | D:1      | Found a faded altar of an unknown god.
   639 | D:1      | Frozen to death by an endoplasm

Illustrated notes

Levels and vault maps discovered:
D:1:      elethiomel_arrival_shortcut, layout_loops_corners,
          basic_ecumenical_altar, corexii_leaking_fountain,
          chequers_serial_rivers_small_3, st_stairs_3, minmay_indecisive_spiral

Skill      XL: |  1  2 |
---------------+-------+-----
Spellcasting   | 2 |  2.0
Fighting       | |  1.3
Dodging        | |  2.1
Unarmed Combat | |  3.0

Action                   || total
-------------------------++-------
Melee: Dagger            ||    25
       Short sword       ||     5
       Headbutt          ||     3
 Cast: Beastly Appendage ||     3
       Wereblood         ||     1
Armor: Robe              ||     8
Dodge: Dodged            ||    30
